 Dungeon Crawl Stone Soup version 0.28.0-1-gb440e238dd (webtiles) character file.

Game seed: 18429376959289979341

89 386 the Insei (level 4, 29/33 HPs)
             Began as a Demonspawn Transmuter on Feb 27, 2022.
             Quit the game on level 2 of the Dungeon.
             The game lasted 00:06:39 (2126 turns).

386 the Insei (Demonspawn Transmuter)               Turns: 2126, Time: 00:06:40

Health: 29/33      AC:  5    Str: 12    XL:     4   Next: 31%
Magic:  7/7        EV: 12    Int: 14    God:
Gold:   74         SH:  0    Dex: 14    Spells: 7/8 levels left

rFire   . . .      SeeInvis .   o - +0 spear
rCold   . . .      Faith    .   (no shield)
rNeg    . . .      Spirit   .   a - +0 robe
rPois   .          Reflect  .   (no helmet)
rElec   .          Harm     .   (no cloak)
rCorr   .          Rampage  .   (no gloves)
Will    .....                   (no boots)
Stlth   +.........              (no amulet)
HPRegen 0.11/turn               (no ring)
MPRegen 0.10/turn               (no ring)

@: no status effects
A: thin metallic scales 2
a: no special abilities


You were on level 2 of the Dungeon.
You visited 1 branch of the dungeon, and saw 2 of its levels.

You collected 74 gold pieces.

Inventory:

Hand Weapons
 o - a +0 spear (weapon)
Missiles
 d - 45 stones
 m - 11 poisoned darts (quivered)
Armour
 a - a +0 robe (worn)
 c - a +0 leather armour
Jewellery
 b - a ring of wizardry
 f - a ring of positive energy
Scrolls
 i - a scroll of enchant armour {unknown}
 j - 5 scrolls of identify {unknown}
 l - a scroll of fear {unknown}
 n - a scroll of noise {unknown}
Potions
 g - a potion of flight {unknown}
 h - a potion of lignification {unknown}
 k - a potion of degeneration {unknown}


   Skills:
 + Level 2.0 Fighting
 + Level 0.0 Polearms
 + Level 2.4 Dodging
 - Level 3.2 Unarmed Combat
 + Level 2.5 Spellcasting
 + Level 2.4 Transmutations


You had 7 spell levels left.
You knew the following spells:

 Your Spells              Type           Power      Damage    Failure   Level
a - Beastly Appendage     Tmut           16%        N/A       9%          1

Your spell library contained the following spells:

 Spells                   Type           Power      Damage    Failure   Level
 Wereblood                Tmut           8%         N/A       12%         2
 Freeze                   Ice            4%         1d3       22%         1
 Spider Form              Tmut/Pois      5%         N/A       38%         3
 Frozen Ramparts          Ice            2%         1d2       56%         3
 Ice Form                 Ice/Tmut       5%         N/A       80%         4
 Hailstorm                Conj/Ice       1%         3d3       92%         4


Dungeon Overview and Level Annotations

Branches:
Dungeon (2/15)

Altars:

Shops:
D:2 =


Innate Abilities, Weirdness & Mutations

You are mostly covered in thin metallic scales. (AC +3)


Message History

Your horns disappear.
Your talons disappear.
The adder barely misses you.
You hit the adder but do no damage.
The adder is severely wounded.
The adder barely misses you. The adder closely misses you.
You hit the adder.
The adder is almost dead.
The adder bites you but does no damage.
You closely miss the adder.
The adder is almost dead.
The adder bites you but does no damage. The adder bites you.
You barely miss the adder.
The adder is almost dead.
The adder bites you but does no damage.
You miss the adder.
The adder is almost dead.
The adder bites you but does no damage. The adder closely misses you.
You closely miss the adder.
The adder is almost dead.
The adder misses you.
You barely miss the adder.
The adder is almost dead.
The adder barely misses you. The adder closely misses you.
You barely miss the adder.
The adder is almost dead.
The adder barely misses you.
You hit the adder.
You kill the adder!
Your Fighting skill increases to level 2!
No target in view!
No target in view!
No target in view!
There is a stone staircase leading down here.
You see here a +0 spear.
o - a +0 spear You are now empty-handed.
You drop a +0 short sword.
o - a +0 spear (weapon)
Unknown command.
Unknown command.
Are you sure you want to abandon this character and quit the game? (Confirm with "yes".)

###########
###
#.....@...#
##.##
#.#######.#
##...###.#
#.#
####...†.##.#
#.#
......#.....#
#.#
#####...#####
#># ######.##
#.# ....##.#
#.# ###.##+##
#.#


There were no monsters in sight!

Vanquished Creatures
  5 adders (D:2)
  A worm (D:2)
  2 dart slugs (D:2)
  4 ball pythons
  An endoplasm (D:1)
  A giant cockroach (D:2)
  6 goblins
  5 hobgoblins
  A quokka (D:2)
  3 bats
  A frilled lizard (D:2)
  4 kobolds
  3 rats
37 creatures vanquished.

Notes
Turn   | Place    | Note
-------+----------+-------------------------------------------
     0 | D:1      | 386 the Demonspawn Transmuter began the quest for the Orb.
     0 | D:1      | Reached XP level 1. HP: 15/15 MP: 3/3
   383 | D:1      | Gained mutation: You are partially covered in thin metallic
                  | scales. (AC +2) [demonic ancestry]
   383 | D:1      | Reached XP level 2. HP: 19/21 MP: 3/5
   825 | D:2      | Gained mutation: You are mostly covered in thin metallic
                  | scales. (AC +3) [demonic ancestry]
   825 | D:2      | Reached XP level 3. HP: 26/26 MP: 4/6
   912 | D:2      | Reached skill level 3 in Unarmed Combat
  1182 | D:2      | Found Qiesosipp's Jewellery Boutique.
  1693 | D:2      | Reached XP level 4. HP: 21/33 MP: 7/7
  2126 | D:2      | Quit the game

Illustrated notes

Levels and vault maps discovered:
D:1:      shiori_arrival_oz, layout_rooms
D:2:      wad_river_or_something, layout_loops_corners, serial_shops, shop,
          nicolae_underground_beach

Skill      XL: |  1  2  3  4 |
---------------+-------------+-----
Transmutations | 2 |  2.4
Dodging        | 2 |  2.4
Unarmed Combat | 3 |  3.2
Fighting       | 2 |  2.0
Spellcasting   | |  2.5

Action                   |  1- 3 |  4- 6 || total
-------------------------+-------+-------++-------
Melee: Short sword       |    93 |    24 ||   117
       Unarmed           |     2 |       ||     2
       Kick              |    13 |     2 ||    15
       Headbutt          |    10 |     1 ||    11
       Punch             |     2 |     1 ||     3
 Cast: Beastly Appendage |    20 |     4 ||    24
Armor: Robe              |    32 |     9 ||    41
Dodge: Dodged            |    52 |    19 ||    71
